Map: Abyssal Reef LE

Players

Mamba

  • Race: Zerg Zerg
  • Spawn Location: 11:00

souL - Winner!

  • Race: Terran Terran
  • Spawn Location: 5:00

Event: WCS Valencia 2017

VOD

Have the link to the VOD?

Description

Time

  • Played on: July 13, 2017, 6:42 a.m.
  • Length: 6:52

All games in this series

Show
View Real Time Build Order
Export as new Build Order

Mamba Zerg 

Build Orders: Hatch First 

Get SALT Encoding   

  12  0:00  Drone  
  13  0:13  Overlord  
  13  0:17  Drone  
  14  0:31  Drone x2  
  16  0:35  Drone  
  17  0:53  Hatchery  
  17  0:57  Drone  
  17  1:01  Drone  
  18  1:05  Extractor  
  17  1:15  Spawning Pool  
  16  1:18  Drone  
  16  1:22  Drone  
  18  1:31  Drone  
  19  1:41  Overlord  
  19  2:02  Queen  
  19  2:03  Zergling x4  
  19  2:05  Queen  
  19  2:06  Zergling x2  
  26  2:10  Metabolic Boost  
  26  2:18  Drone x2  
  28  2:24  Drone  
  29  2:35  Overlord  
  29  2:37  Queen  
  30  2:44  Queen  
  32  2:53  Zergling x6  
  34  3:05  Zergling x6  
  37  3:13  Zergling x8  
  37  3:18  Overlord  
  39  3:36  Zergling x8  
  39  3:37  Drone  
  44  3:41  Drone  
  44  3:47  Drone x3  
  48  3:53  Drone  
  49  4:01  Drone x2  
  51  4:13  Hatchery  
  51  4:15  Overlord  
  51  4:16  Overlord  
  50  4:23  Drone x2  
  52  4:27  Overlord  
  50  4:47  Drone x8  
  58  4:53  Evolution Chamber  
  58  4:54  Evolution Chamber  
  58  4:55  Overlord  
  55  5:00  Drone x4  
  55  5:04  Drone  
  60  5:18  Drone x3  
  60  5:19  Extractor  
  60  5:20  Queen x2  
  66  5:27  Zergling x2  
  66  5:28  Zergling x12  
  69  5:42  Zergling x6  
  72  5:49  Zergling x6  
  73  6:00  Zergling x2  
  73  6:01  Zergling x12  
  73  6:08  Zergling x6  
  74  6:16  Baneling Nest  
  73  6:23  Drone x3  
  76  6:26  Drone x5  
  76  6:32  Zergling x8  
Show
View Real Time Build Order
Export as new Build Order

souL Terran - Winner!

Build Orders:  

Get SALT Encoding   

  12  0:00  SCV  
  13  0:13  SCV  
  14  0:18  Supply Depot  
  14  0:25  SCV  
  14  0:28  Refinery  
  15  0:40  SCV  
  16  0:46  Barracks  
  16  0:52  SCV  
  18  1:04  SCV  
  18  1:08  Barracks  
  18  1:16  SCV  
  19  1:24  Barracks  
  19  1:34  Reaper  
  20  1:40  Orbital Command  
  20  1:56  Reaper, Supply Depot  
  20  1:59  Refinery  
  21  2:07  Reaper  
  23  2:12  Reaper  
  23  2:18  SCV  
  23  2:20  Supply Depot  
  24  2:28  Reaper  
  25  2:30  SCV  
  26  2:42  SCV, Reaper  
  28  2:48  Reaper  
  29  2:54  SCV  
  30  3:03  Command Center  
  30  3:10  SCV  
  30  3:12  Reaper  
  32  3:15  Reaper  
  32  3:16  Supply Depot  
  33  3:22  Reaper  
  33  3:26  SCV  
  34  3:38  SCV  
  35  3:44  Reaper  
  35  3:47  Reaper  
  37  3:50  SCV  
  37  3:54  Barracks, Reaper  
  39  3:55  Barracks  
  38  4:05  Refinery  
  38  4:06  SCV  
  39  4:14  Refinery  
  39  4:16  Reaper  
  40  4:20  Reaper  
  40  4:22  Orbital Command  
  41  4:26  SCV, Reaper  
  43  4:38  SCV  
  44  4:45  Reaper x2  
  44  4:48  Reaper  
  44  4:50  SCV  
  44  4:52  Reaper  
  47  4:58  Reaper  
  49  5:02  SCV  
  49  5:08  SCV  
  49  5:10  Engineering Bay  
  50  5:14  SCV  
  50  5:17  Reaper x2  
  50  5:20  Reaper  
  54  5:22  Engineering Bay  
  54  5:24  Reaper  
  55  5:30  Reaper  
  55  5:31  SCV x2, Supply Depot x2  
  58  5:44  SCV  
  61  5:50  SCV  
  61  5:56  SCV  
  65  6:02  SCV  
  67  6:08  SCV  
  68  6:11  Supply Depot  
  68  6:14  SCV  
  68  6:17  Factory  
  64  6:18  Barracks Reactor, Barracks Tech Lab  
  64  6:20  Barracks Reactor x2, SCV  
  64  6:22  Barracks Tech Lab  
  65  6:26  SCV  
  65  6:32  SCV  
  67  6:36  Command Center  
  67  6:38  SCV  
Tags
 
Add a new tag
Caveats
  • Supply blocks, unpowered buildings, or Contaminate may cause inaccurate times.
  • Supply counts are checked every 10 seconds.